 Dungeon Crawl Stone Soup version 0.21.1-1-g345015f (webtiles) character file.

19153 nicolaieve the Severer (level 12, 0/168 HPs)
             Began as a Minotaur Berserker on July 7, 2018.
             Was the Champion of Trog.
             Slain by a komodo dragon (20 damage)
             ... on level 1 of the Lair of Beasts.
             The game lasted 00:37:43 (8697 turns).

nicolaieve the Severer (Minotaur Berserker)         Turns: 8697, Time: 00:37:44

Health: 0/168      AC: 26    Str: 26    XL:     12   Next: 34%
Magic:  11/11      EV:  2    Int:  4    God:    Trog [******]
Gold:   593        SH:  0    Dex: 11    Spells: 11/11 levels left

rFire    . . .     SeeInvis .   z - +4 hand axe
rCold    . . .     Gourm    .   (no shield)
rNeg     + + +     Faith    .   (armour currently unavailable)
rPois    +         Spirit   .   (helmet currently unavailable)
rElec    .         Reflect  .   (cloak currently unavailable)
rCorr    .         Harm     .   (gloves currently unavailable)
MR       +++..     NoTele   +   (boots currently unavailable)
Stlth    +.........             (no amulet)
HPRegen  1.38/turn              F - ring of positive energy
MPRegen  0.12/turn              K - ring of protection from magic

@: tree-form, berserk cooldown, regenerating, slowed, very slow
A: (retaliatory headbutt)
a: Berserk, Trog's Hand, Brothers in Arms, Burn Spellbooks, Renounce Religion


You were on level 1 of the Lair of Beasts.
You worshipped Trog.
Trog was exalted by your worship.
You were not hungry.
You were a tree.
You visited 2 branches of the dungeon, and saw 12 of its levels.

You collected 593 gold pieces.

Inventory:

Hand Weapons
 u - a +0 war axe
 z - a +4 hand axe (weapon)
 E - a +1 whip of electrocution
 I - a +0 battleaxe
Armour
 b - a +0 plate armour (melded)
 i - a +0 pair of gloves (melded)
 t - a +0 pair of boots (melded)
Jewellery
 F - a ring of positive energy (left branch)
 K - a ring of protection from magic (right branch)
Wands
 g - a wand of disintegration (8)
 l - a wand of enslavement (16)
 B - a wand of polymorph (11)
 L - a wand of iceblast (10)
Scrolls
 a - 2 scrolls of magic mapping {unknown}
 d - 2 scrolls of enchant armour {unknown}
 e - 2 scrolls of identify
 j - 4 scrolls of blinking
 k - 7 scrolls of remove curse
 n - a scroll of fog {unknown}
 o - a scroll of noise {unknown}
 r - 3 scrolls of enchant weapon
 s - 8 scrolls of teleportation
 y - 2 scrolls of immolation {unknown}
 C - a scroll of brand weapon {unknown}
 G - a scroll of random uselessness {unknown}
 J - 2 scrolls of silence {unknown}
 M - a scroll of fear {unknown}
Potions
 f - 2 potions of invisibility
 h - a potion of ambrosia
 m - 2 potions of heal wounds
 p - 2 potions of brilliance
 q - a potion of resistance
 v - 4 potions of curing
 w - 4 potions of might
 x - 3 potions of haste
 A - a potion of mutation
 D - a potion of flight
 N - a potion of lignification
Books
 H - a book of Changes

   Spells                             Type                      Level
   a - Beastly Appendage              Transmutation                1
   b - Sticks to Snakes               Transmutation                2
   c - Spider Form                    Transmutation/Poison         3
   d - Ice Form                       Ice/Transmutation            4
   e - Blade Hands                    Transmutation                5
   Trog disapproves of the use of such an item.
Comestibles
 c - 18 rations


   Skills:
 + Level 11.9 Fighting
 * Level 17.3 Axes
 + Level 11.8 Armour
 - Level 2.1 Dodging


You had 11 spell levels left.
You didn't know any spells.

Dungeon Overview and Level Annotations

Branches:
Dungeon (11/15)            Temple (0/1) D:7            Lair (1/6) D:9
    Orc (0/2) D:11

Altars:
Elyvilon
Gozag
Hepliaklqana
Kikubaaqudgha
Nemelex Xobeh
Qazlal
Ru
Trog
Wu Jian
Xom
Yredelemnul
Zin
The Shining One

Shops:
D:7 !   D:11 *


Innate Abilities, Weirdness & Mutations

((You reflexively headbutt those who attack you in melee.))
((You have a pair of horns on your head.))


Message History

You slash the wolf!
You kill the wolf!
Trog accepts your kill.
You hit the komodo dragon but do no damage.
The komodo dragon bites you but does no damage.
Unknown command.
You barely miss the komodo dragon.
The komodo dragon is heavily wounded.
The komodo dragon barely misses you.
You slice the komodo dragon!!
The komodo dragon is almost dead.
The komodo dragon bites you but does no damage.
Unknown command.
You barely miss the komodo dragon.
The komodo dragon is almost dead.
The komodo dragon bites you but does no damage.
You completely miss the komodo dragon.
The komodo dragon is almost dead.
The komodo dragon bites you!!
You die...

#......## ##h........
#.......# ..#.......#
##......## ...#......###
#.......##
###+##...#....PP####P........
.............................
.....(.......................
...........l...............).
............♣..............##
.###.P..###.................#
..#...#.....#.##+P.+#........
#..................###....##
..+.......♣♣..........+....#
. #......♣♣.♣.♣♣♣♣...#......#
#......♣♣♣♣.♣♣♣♣.#.#.....##
#........♣♣...♣♣..###P.....#
#.........................##


You could see a komodo dragon and a wolf (wandering).

Vanquished Creatures
  Erica (D:9)
  The ghost of Curus the Cruncher, a journeyman GrEE of Vehumet (Lair:1)
  A tengu warrior (D:11)
  4 two-headed ogres
  A slime creature (D:11)
  2 unseen horrors
  Pikel (D:7)
  The ghost of aimeelou the Grave Robber, a novice DDNe (D:5)
  A manticore (D:11)
  An ugly thing (D:11)
  Psyche (D:8)
  A spiny frog (shapeshifter) (D:11)
  2 centaur skeletons
  A queen bee (D:11)
  5 hippogriffs
  13 yaks
  2 wraiths
  A wyvern (D:11)
  A basilisk (D:9)
  3 hungry ghosts (D:11)
  A black bear (D:11)
  2 orc warriors
  A slave (D:7)
  4 ice beasts
  A sky beast (D:11)
  5 ogres
  2 phantoms
  A wolf (Lair:1)
  An eye of draining (D:10)
  2 necrophages
  A crocodile (D:9)
  9 centaurs
  10 bullfrogs
  A gnoll sergeant (D:9)
  3 wyvern skeletons
  2 scorpions
  31 killer bees
  8 wights
  5 howler monkeys
  5 crimson imps
  2 quasits
  A centaur zombie (D:9)
  5 jellies
  4 bullfrog skeletons
  An orc priest (D:7)
  6 hounds
  4 orc wizards
  2 iguanas (D:8)
  6 worker ants
  A howler monkey zombie (D:9)
  4 worker ant zombies
  3 gnolls (D:9)
  2 howler monkey skeletons
  12 adders
  2 shadow imps
  An ooze (D:2)
  An adder zombie (D:6)
  2 adder skeletons (D:5)
  5 worms
  2 dart slugs
  7 leopard geckos
  19 orcs
  A ball python (D:4)
  10 bats
  2 giant cockroaches
  5 goblins
  6 hobgoblins
  9 jackals
  8 kobolds
  5 quokkas
  2 frilled lizards
  8 rats
287 creatures vanquished.

Notes
Turn   | Place    | Note
-------+----------+-------------------------------------------
     0 | D:1      | nicolaieve the Minotaur Berserker began the quest for the Orb.
     0 | D:1      | Reached XP level 1. HP: 19/19 MP: 0/0
   124 | D:1      | Reached skill level 4 in Axes
   150 | D:1      | Reached XP level 2. HP: 24/27 MP: 1/1
   878 | D:2      | Reached XP level 3. HP: 30/33 MP: 2/2
   916 | D:2      | Reached ** piety under Trog
   976 | D:2      | Reached skill level 5 in Axes
  1111 | D:2      | Reached XP level 4. HP: 40/41 MP: 3/3
  2073 | D:3      | Found a glowing golden altar of the Shining One.
  2073 | D:3      | Found an opulent altar of Gozag.
  2078 | D:3      | Found a faded altar of an unknown god.
  2080 | D:3      | Found a faded altar of an unknown god.
  2082 | D:3      | Found a basalt altar of Yredelemnul.
  2248 | D:3      | Reached skill level 6 in Axes
  2248 | D:3      | Reached XP level 5. HP: 47/47 MP: 4/4
  2396 | D:4      | Noticed a phantom
  2425 | D:4      | Killed a phantom
  2425 | D:4      | Reached skill level 5 in Fighting
  2440 | D:4      | Reached XP level 6. HP: 38/56 MP: 5/5
  2603 | D:4      | Noticed an ice beast
  2610 | D:4      | Killed an ice beast
  2610 | D:4      | Reached skill level 7 in Axes
  2712 | D:4      | Reached XP level 7. HP: 53/61 MP: 6/6
  2863 | D:4      | Reached skill level 8 in Axes
  2959 | D:5      | Entered Level 5 of the Dungeon
  2974 | D:5      | Reached *** piety under Trog
  3072 | D:5      | Reached skill level 5 in Armour
  3182 | D:5      | Noticed aimeelou's ghost (novice DDNe)
  3191 | D:5      | Reached skill level 9 in Axes
  3192 | D:5      | Killed aimeelou's ghost
  3192 | D:5      | Reached skill level 10 in Axes
  3192 | D:5      | Reached XP level 8. HP: 69/69 MP: 7/7
  3196 | D:5      | Found a white marble altar of Elyvilon.
  3526 | D:6      | Reached skill level 11 in Axes
  3552 | D:6      | Found a stormy altar of Qazlal.
  3608 | D:6      | Found a bloodstained altar of Trog.
  3608 | D:6      | Found a shimmering altar of Xom.
  3629 | D:6      | Found a glowing silver altar of Zin.
  3662 | D:6      | Reached **** piety under Trog
  3848 | D:6      | Found a hazy altar of Hepliaklqana.
  3851 | D:6      | Found an ancient bone altar of Kikubaaqudgha.
  3919 | D:7      | Found a sparkling altar of Nemelex Xobeh.
  4065 | D:7      | Found Dejac's Distillery.
  4124 | D:7      | Found a staircase to the Ecumenical Temple.
  4358 | D:7      | Reached XP level 9. HP: 58/77 MP: 8/8
  4481 | D:7      | Reached skill level 12 in Axes
  4623 | D:7      | Noticed Pikel
  4630 | D:7      | Killed Pikel
  4740 | D:8      | Reached skill level 13 in Axes
  4813 | D:8      | Noticed a two-headed ogre
  4820 | D:8      | Killed a two-headed ogre
  4856 | D:8      | Reached XP level 10. HP: 85/87 MP: 9/9
  4955 | D:8      | Found an ornate altar of the Wu Jian Council.
  4995 | D:8      | Found a sacrificial altar of Ru.
  5035 | D:8      | Noticed Psyche
  5176 | D:8      | Killed Psyche
  5176 | D:8      | Reached skill level 14 in Axes
  5311 | D:9      | Reached ***** piety under Trog
  5353 | D:9      | Found a staircase to the Lair.
  5550 | D:9      | Noticed Erica
  5582 | D:9      | Killed Erica
  5582 | D:9      | Reached skill level 15 in Axes
  6010 | D:10     | Entered Level 10 of the Dungeon
  6273 | D:10     | Killed an unseen horror
  6392 | D:10     | Reached XP level 11. HP: 97/97 MP: 10/10
  6805 | D:11     | Noticed a two-headed ogre
  6817 | D:11     | Killed a two-headed ogre
  6876 | D:11     | Found Norgh's Assorted Antiques.
  6887 | D:11     | Noticed a two-headed ogre
  6890 | D:11     | Reached skill level 16 in Axes
  6896 | D:11     | Killed a two-headed ogre
  6896 | D:11     | Reached skill level 10 in Fighting
  6957 | D:11     | Killed an unseen horror
  7002 | D:11     | Reached skill level 10 in Armour
  7161 | D:11     | Noticed a two-headed ogre
  7169 | D:11     | Killed a two-headed ogre
  7303 | D:11     | Noticed a green ugly thing
  7730 | D:11     | Reached XP level 12. HP: 110/110 MP: 11/11
  7782 | D:11     | Found a staircase to the Orcish Mines.
  7941 | D:11     | Noticed a tengu warrior
  7948 | D:11     | Reached skill level 17 in Axes
  7963 | D:11     | Killed a tengu warrior
  7967 | D:11     | Reached ****** piety under Trog
  8546 | Lair:1   | Entered Level 1 of the Lair of Beasts
  8602 | Lair:1   | Noticed Curus's ghost (journeyman GrEE)
  8663 | Lair:1   | Killed Curus's ghost
  8697 | Lair:1   | Slain by a komodo dragon

Skill      XL: |  1  2  3  4  5  6  7  8  9 10 11 12 |
---------------+-------------------------------------+-----
Axes           | 4 5 6 7 10 11 13 15 16 17 | 17.3
Fighting       | 4 5 6 7 9 11 | 11.9
Armour         | 3 4 5 6 7 9 11 | 11.8
Dodging        | |  2.1

Action                   |  1- 3 |  4- 6 |  7- 9 | 10-12 || total
-------------------------+-------+-------+-------+-------++-------
Melee: Hand axe          |    78 |   102 |   233 |   532 ||   945
       Headbutt          |     9 |    15 |    48 |   102 ||   174
Invok: Berserk           |       |     1 |     3 |    10 ||    14
       Burn Spellbooks   |       |       |     2 |       ||     2
       Trog's Hand       |       |       |     1 |     5 ||     6
  Use: Scroll            |       |       |     8 |    11 ||    19
       Potion            |       |       |       |     3 ||     3
  Eat: Chunk             |     1 |     5 |    11 |    24 ||    41
       Ration            |       |       |       |     2 ||     2
Armor: Animal skin       |     4 |       |       |       ||     4
       Chain mail        |    13 |    68 |    56 |       ||   137
       Plate armour      |       |       |    52 |   317 ||   369
       Skin              |       |       |       |    10 ||    10
Dodge: Dodged            |    60 |    53 |    87 |   189 ||   389
